 Dungeon Crawl Stone Soup version 0.26.0-10-g1f06aea511 (webtiles) character file.

Game seed: 956346515583194837

4575 jackrogers the Spear-Bearer (level 10, -4/80 HPs)
             Began as a Merfolk Berserker on Jan 14, 2021.
             Was an Elder of Trog.
             Slain by a red ugly thing (19 damage)
             ... on level 7 of the Dungeon.
             The game lasted 00:12:01 (6911 turns).

jackrogers the Spear-Bearer (Merfolk Berserker)     Turns: 6911, Time: 00:12:02

Health: -4/80      AC: 14    Str: 21    XL:     10   Next: 41%
Magic:  10/10      EV: 14    Int:  7    God:    Trog [****..]
Gold:   293        SH:  0    Dex: 13    Spells: 9/9 levels left

rFire    . . .     SeeInvis .   H - +0 halberd (freeze)
rCold    . . .     Faith    .   (shield currently unavailable)
rNeg     . . .     Spirit   .   h - +1 plate armour
rPois    .         Reflect  .   (no helmet)
rElec    .         Harm     .   e - scarf {repulsion}
rCorr    .         Rampage  .   (no gloves)
Will     .....                  s - +0 pair of boots
Stlth    ..........             (no amulet)
HPRegen  0.23/turn              j - +4 ring of protection
MPRegen  0.12/turn              w - +4 ring of evasion

@: mighty, corroded, hasted, repel missiles, very quick
A: change form in water, swift swim, stealthy swim
a: Renounce Religion, Berserk, Trog's Hand, Brothers in Arms


You were on level 7 of the Dungeon.
You worshipped Trog.
Trog was greatly pleased with you.
You visited 1 branch of the dungeon, and saw 8 of its levels.

You collected 293 gold pieces.

Inventory:

Hand Weapons
 a - a +1 spear
 v - a +0 trident
   (You found it on level 4 of the Dungeon)
 C - a +0 trident
   (You took it off an orc warrior on level 6 of the Dungeon)
 H - a +0 halberd of freezing (weapon)
   (You took it off a wight on level 7 of the Dungeon)
Missiles
 G - a throwing net {=f, !d}
 J - a javelin (quivered)
Armour
 b - a +0 animal skin
 e - a scarf of repulsion (worn)
   (You found it on level 1 of the Dungeon)
 g - a +0 leather armour
   (You found it on level 1 of the Dungeon)
 h - a +1 plate armour (worn)
   (You found it on level 2 of the Dungeon)
 s - a +0 pair of boots (worn)
   (You found it on level 2 of the Dungeon)
 I - a +0 buckler
   (You found it on level 8 of the Dungeon)
Jewellery
 j - a +4 ring of protection (left hand)
   (You found it on level 1 of the Dungeon)
 w - a +4 ring of evasion (right hand)
   (You found it on level 4 of the Dungeon)
 y - an uncursed ring of magical power {MP+9}
   (You found it on level 5 of the Dungeon)
 B - the ring "Ysuw" {rElec rF++ Will- MP+9 Dex+3}
   (You acquired it on level 5 of the Dungeon)

   [ring of magical power]

   It affects your dexterity (+3).
   It greatly protects you from fire.
   It insulates you from electricity.
   It affects your willpower, your defense against some magical effects.
   It affects your magic capacity (+9).
Wands
 D - a wand of random effects (20)
   (You found it on level 6 of the Dungeon)
Scrolls
 f - 3 scrolls of enchant weapon
 i - 2 scrolls of fog
 p - 3 scrolls of amnesia
 u - 6 scrolls of teleportation
 A - a scroll of remove curse
Potions
 c - a potion of mutation {unknown}
 d - 2 potions of resistance
 k - 5 potions of curing
 l - a potion of might
 m - 2 potions of berserk rage {!q}
 n - 4 potions of heal wounds
 o - 4 potions of haste
 q - 2 potions of flight
 r - 3 potions of degeneration {!q}
 t - a potion of ambrosia {unknown}
 x - 4 potions of brilliance
 z - 3 potions of lignification {!q}
 F - a potion of magic {unknown}


   Skills:
 + Level 7.8 Fighting
 - Level 14.0 Polearms
 + Level 5.1 Armour
 + Level 8.9 Dodging


You had 9 spell levels left.
You didn't know any spells.
Your spell library was empty.

Dungeon Overview and Level Annotations

Branches:
Dungeon (8/15)             Temple (0/1) D:5
   Lair: D:8-11

Altars:
Gozag
Kikubaaqudgha
Ru

Shops:
D:5 *

Annotations:
D:5 2 transporters, Cheivey's ghost, novice GnWn
D:6 2 transporters, Snicker's ghost, weakling DsDe
D:7 1 runed translucent door


Message History

You are splashed with acid.
The wight closely misses you.
Danger x6: wight x2, orc priest, red ugly thing, white imp, brown ugly thing!
You closely miss the brown ugly thing.
A vampire mosquito comes into view.
The orc misses you. The orc wizard misses you.
An ogre comes into view. It is wielding a +0 giant club.
The brown ugly thing barely misses you.
The vampire mosquito moves out of view.
You puncture the brown ugly thing! You freeze the brown ugly thing.
You kill the brown ugly thing!
Trog accepts your kill. The wight hits you but does no damage.
The wight closely misses you. The orc wizard completely misses you.
The orc barely misses you.
Your Armour skill increases to level 5!
Danger x5: wight x2, orc priest, red ugly thing, white imp!
You hit the orc wizard. You freeze the orc wizard.
The orc wizard points at itself and mumbles some strange words.
The orc wizard flickers and vanishes!
Deactivating autopickup; reactivate with Ctrl-A.
The wight closely misses you. x2; The orc misses you.
An orc comes into view. It is wielding a +0 club.
Danger x5: wight x2, orc priest, red ugly thing, white imp!
The orc shouts!
You hear a shout!
The orc misses you. x2; Something hits you.
The white imp gestures at you. The puff of frost misses you.
The puff of frost hits the orc!
The orc dies!
The wight closely misses you. The wight hits you but does no damage.
You climb upwards.
Level annotation: 1 runed translucent door Reactivating autopickup.
There is a stone staircase leading down here.
The orc barely misses you. Something hits you but does no damage.
Deactivating autopickup; reactivate with Ctrl-A.
You climb downwards.
Reactivating autopickup.
The howler monkey howls!
The orc priest invokes the aid of Beogh against you.
Beogh smites you!
A white imp comes into view.
The red ugly thing stings you but does no damage.
The vampire mosquito bites you but does no damage.
You hear a shout!
There is a stone staircase leading up, spattered with blood here.
Danger x6: wight x2, orc priest, red ugly thing, white imp x2!
You can't go down here!
Unknown command.
You hear a shout!
The vampire mosquito bites you but does no damage.
The red ugly thing stings you.
You are engulfed in flames!!
The wight misses you. Something hits you but does no damage.
Deactivating autopickup; reactivate with Ctrl-A.
The orc hits you but does no damage. The orc priest closely misses you.
The vampire mosquito bites you!
* * * LOW HITPOINT WARNING * * *
The vampire mosquito draws strength from your injuries!
You climb upwards.
Level annotation: 1 runed translucent door Reactivating autopickup.
There is a stone staircase leading down here.
Warning x2: The orc priest can smite you!
The red ugly thing is fast and can hit for high fire damage in melee!
Unknown command.
Warning x2: The orc priest can smite you!
The red ugly thing is fast and can hit for high fire damage in melee!
Okay, then.
Warning x2: The orc priest can smite you!
The red ugly thing is fast and can hit for high fire damage in melee!
Okay, then.
Warning x2: The orc priest can smite you!
The red ugly thing is fast and can hit for high fire damage in melee!
You feel much better.
The red ugly thing stings you but does no damage.
The orc priest closely misses you.
Warning x2: The orc priest can smite you!
The red ugly thing is fast and can hit for high fire damage in melee!
You feel yourself speed up.
The red ugly thing stings you but does no damage.
Warning x2: The orc priest can smite you!
The red ugly thing is fast and can hit for high fire damage in melee!
You feel very mighty all of a sudden.
The orc priest hits you but does no damage.
The red ugly thing barely misses you.
Warning x2: The orc priest can smite you!
The red ugly thing is fast and can hit for high fire damage in melee!
You impale the red ugly thing!! You freeze the red ugly thing!
The orc priest completely misses you.
Warning x2: The orc priest can smite you!
The red ugly thing is fast and can hit for high fire damage in melee!
You closely miss the red ugly thing. The red ugly thing stings you.
You are engulfed in flames!
* * * LOW HITPOINT WARNING * * *
Warning x2: The orc priest can smite you!
The red ugly thing is fast and can hit for high fire damage in melee!
You closely miss the red ugly thing.
Warning x2: The orc priest can smite you!
The red ugly thing is fast and can hit for high fire damage in melee!
You slash the orc priest! You freeze the orc priest.
You kill the orc priest!
Trog accepts your kill. The red ugly thing stings you.
* * * LOW HITPOINT WARNING * * *
You are engulfed in flames!!
* * * LOW HITPOINT WARNING * * *
Spoiler Alert: The red ugly thing is fast and can hit for high fire damage in melee!
You feel much better.
The vampire mosquito bites you but does no damage.
The red ugly thing stings you.
* * * LOW HITPOINT WARNING * * *
You are engulfed in flames!!
You die...

.≈≈........#.......#....#
...........#.....#.#.##.#
...#....................#
...#..<....#.#.#####.#####
........#..#.#.# #.....#
...........#.#.# #####.#
...........#.#.# #.#
...........#.#o#########.#
...............y@u.......#
.............#'###########
.........#......#
.........#......#
.........#......#
.........#......#
...............##
..........#############
..........##..........#


You could see a red ugly thing, a vampire mosquito and an orc.

Vanquished Creatures
  Harold (D:7)
  Pikel (D:7)
  An ugly thing (D:8)
  A troll (D:8)
  Menkaure (D:7)
  A water moccasin (D:5)
  Duvessa (D:6)
  2 orc warriors
  An ice beast (D:6)
  A phantom (D:5)
  2 sky beasts (D:6)
  A necrophage (D:7)
  2 ogres
  A bullfrog (D:7)
  Dowan (D:6)
  3 scorpions
  2 killer bees
  11 wights
  2 howler monkeys
  2 centaur zombies
  2 bullfrog zombies
  A bullfrog skeleton (D:4)
  2 orc priests (D:7)
  3 hounds
  A jelly (D:7)
  5 orc wizards
  An iguana (D:6)
  2 worker ants (D:8)
  A worker ant zombie (D:6)
  A howler monkey zombie (D:8)
  7 adders
  4 shadow imps
  4 white imps
  3 oozes
  4 worms
  2 dart slugs
  6 leopard geckos
  19 orcs
  10 bats
  3 giant cockroaches
  8 goblins
  7 hobgoblins
  12 jackals
  2 quokkas
  A ball python skeleton (D:4)
  6 frilled lizards
  3 kobolds
  8 rats
166 creatures vanquished.

Vanquished Creatures (others)
  An orc (D:8)
1 creature vanquished.

Grand Total: 167 creatures vanquished

Notes
Turn   | Place    | Note
-------+----------+-------------------------------------------
     0 | D:1      | jackrogers the Merfolk Berserker began the quest for the
                  | Orb.
     0 | D:1      | Reached XP level 1. HP: 18/18 MP: 1/1
   178 | D:1      | Reached skill level 5 in Polearms
   318 | D:1      | Reached XP level 2. HP: 24/24 MP: 2/2
   867 | D:1      | Reached skill level 6 in Polearms
   867 | D:1      | Reached XP level 3. HP: 23/29 MP: 3/3
  1469 | D:2      | Reached ** piety under Trog
  1580 | D:2      | Reached XP level 4. HP: 35/35 MP: 4/4
  1602 | D:2      | Reached skill level 7 in Polearms
  2365 | D:3      | Found an opulent altar of Gozag.
  2539 | D:4      | Reached skill level 8 in Polearms
  2539 | D:4      | Reached XP level 5. HP: 29/41 MP: 5/5
  2824 | D:4      | Reached skill level 9 in Polearms
  2875 | D:4      | Noticed an ogre
  2886 | D:4      | Killed an ogre
  2887 | D:4      | Reached XP level 6. HP: 25/47 MP: 6/6
  3112 | D:4      | Reached skill level 10 in Polearms
  3305 | D:4      | Found an ancient bone altar of Kikubaaqudgha.
  3337 | D:5      | Entered Level 5 of the Dungeon
  3389 | D:5      | Noticed a phantom
  3420 | D:5      | Killed a phantom
  3421 | D:5      | Reached XP level 7. HP: 41/52 MP: 7/7
  3546 | D:5      | Found Viok's Serpentskin Sales.
  3563 | D:5      | Reached skill level 11 in Polearms
  3563 | D:5      | Reached *** piety under Trog
  3712 | D:5      | Found a staircase to the Ecumenical Temple.
  3890 | D:5      | Found a transporter.
  3915 | D:5      | Found a transporter.
  3920 | D:5      | Noticed Cheivey's ghost (novice GnWn)
  4152 | D:5      | Identified a scroll of acquirement
  4152 | D:5      | Acquired the ring "Ysuw" {rElec rF++ Will- MP+9 Dex+3}
  4290 | D:6      | Reached skill level 12 in Polearms
  4325 | D:6      | Reached XP level 8. HP: 33/58 MP: 8/8
  4531 | D:6      | Noticed Dowan
  4532 | D:6      | Noticed Duvessa
  4543 | D:6      | Killed Duvessa
  4544 | D:6      | Reached skill level 13 in Polearms
  4554 | D:6      | Killed Dowan
  4599 | D:6      | Found a transporter.
  4602 | D:6      | Noticed Snicker's ghost (weakling DsDe)
  4602 | D:6      | Noticed a two-headed ogre
  4708 | D:6      | Reached skill level 14 in Polearms
  4747 | D:6      | Reached skill level 3 in Dodging
  4788 | D:6      | Reached **** piety under Trog
  4813 | D:6      | Reached skill level 4 in Fighting
  4813 | D:6      | Reached skill level 2 in Armour
  4813 | D:6      | Reached skill level 4 in Dodging
  5002 | D:6      | Found a transporter.
  5494 | D:7      | Noticed Pikel
  5506 | D:7      | Killed Pikel
  5507 | D:7      | Reached skill level 5 in Fighting
  5507 | D:7      | Reached skill level 3 in Armour
  5507 | D:7      | Reached skill level 5 in Dodging
  5507 | D:7      | Reached XP level 9. HP: 68/68 MP: 9/9
  5658 | D:7      | Noticed Harold
  5678 | D:7      | Killed Harold
  5679 | D:7      | Reached skill level 6 in Fighting
  5679 | D:7      | Reached skill level 6 in Dodging
  5715 | D:7      | Found a sacrificial altar of Ru.
  5742 | D:7      | Reached skill level 7 in Dodging
  5799 | D:7      | Found a runed translucent door.
  5799 | D:7      | Noticed a sixfirhy
  5815 | D:7      | Reached skill level 4 in Armour
  5834 | D:7      | Noticed Menkaure
  5838 | D:7      | Killed Menkaure
  6425 | D:8      | Noticed a troll
  6426 | D:8      | Reached XP level 10. HP: 75/76 MP: 10/10
  6436 | D:8      | Reached skill level 7 in Fighting
  6436 | D:8      | Reached skill level 8 in Dodging
  6734 | D:8      | Noticed a boulder beetle
  6880 | D:8      | Noticed a brown ugly thing
  6893 | D:8      | Noticed a red ugly thing
  6896 | D:8      | Killed a brown ugly thing
  6897 | D:8      | Reached skill level 5 in Armour
  6902 | D:8      | HP: 19/80 [vampire mosquito (7)]
  6908 | D:7      | HP: 20/80 [red ugly thing (13)]
  6910 | D:7      | HP: 1/80 [red ugly thing (18)]
  6911 | D:7      | Slain by a red ugly thing

Illustrated notes

Levels and vault maps discovered:
D:1:      dpeg_arrival_rooms_c, layout_loops_ring, minmay_large_rounded_square,
          st_stairs_2
D:2:      layout_loops_cross
D:3:      layout_rooms, lemuel_crystal_altar, kennysheep_generic_room_7
D:4:      layout_rooms, nicolae_overflow_hidden_temple
D:5:      layout_loops_ring, temple_statues, gammafunk_ghost_arena,
          guppyfry_shop_venom
D:6:      layout_loops_ring, gammafunk_ghost_arena, hangedman_glass_teeth,
          uniq_duvessa
D:7:      cheibrodos_shockbox, layout_basic, nicolae_ru_sacrificial_ziggurat,
          dk_vineyard_3, uniq_menkaure, uniq_pikel, uniq_harold
D:8:      minmay_the_grid_square_5x5_3x3 [minmay_the_grid_square_5x5_minivault,
          minmay_the_grid_square_5x5_plus, minmay_the_grid_square_5x5_bite,
          minmay_the_grid_square_5x5_minibox,
          minmay_the_grid_square_5x5_megaprize_diamond,
          minmay_the_grid_square_5x5_forky, minmay_the_grid_square_5x5_empty,
          minmay_the_grid_square_5x5_detours,
          minmay_the_grid_square_5x5_dogpile], layout_basic,
          makhleb_heckhound_becter, uniq_maggie

Skill      XL: |  1  2  3  4  5  6  7  8  9 10 |
---------------+-------------------------------+-----
Polearms       | 5 6 8 9 10 12 14 | 14.0
Dodging        | 5 7 8 |  8.9
Fighting       | 5 6 7 |  7.8
Armour         | 3 4 5 |  5.1

Action                   |  1- 3 |  4- 6 |  7- 9 | 10-12 || total
-------------------------+-------+-------+-------+-------++-------
Melee: Spear             |   161 |   104 |       |       ||   265
       Trident           |       |    88 |   357 |       ||   445
       Halberd           |       |       |    21 |   118 ||   139
Throw: Javelin           |       |       |       |     3 ||     3
Invok: Berserk           |       |       |     5 |       ||     5
  Use: Scroll            |     6 |     3 |    10 |     1 ||    20
       Potion            |       |       |       |     4 ||     4
 Stab: Sleeping          |     1 |       |       |       ||     1
Armor: Animal skin       |     3 |       |       |       ||     3
       Leather armour    |    25 |       |       |       ||    25
       Plate armour      |    29 |    67 |   127 |    49 ||   272
Dodge: Dodged            |    63 |    33 |    83 |    90 ||   269
       Repelled          |       |     1 |     5 |       ||     6

Table legend: (Time is in decaauts)
 A = Elapsed time spent in this place.
 B = Non-inter-level travel time spent in this place.
 C = Inter-level travel time spent in this place.
 D = Time resting spent in this place.
 E = Time spent auto-exploring this place.
 F = Levels seen in this place.
 G = Mean time per level.
                   A        B        C        D        E       F      G
               +--------+--------+--------+--------+--------+-----+--------+
         Total |   6729 |   6344 |    385 |   1483 |   3685 |   8 |  841.1 |
       Dungeon |   6729 |   6344 |    385 |   1483 |   3685 |   8 |  841.1 |
               +--------+--------+--------+--------+--------+-----+--------+

Top non-repeatable levels by time:
     D:1: 1237 daAuts
     D:6: 1217 daAuts
     D:7: 1197 daAuts
     D:4: 845 daAuts
     D:5: 830 daAuts
     D:2: 807 daAuts
     D:3: 376 daAuts
     D:8: 216 daAuts

Table legend:
 A = Kills in this place as a percentage of kills in entire the game.
 B = Kills by you in this place as a percentage of kills by you in the entire game.
 C = Kills by friends in this place as a percentage of kills by friends in the entire game.
 D = Other kills in this place as a percentage of other kills in the entire game.
 E = Experience gained in this place as a percentage of experience gained in the entire game.
 F = Experience gained in this place divided by the number of levels of this place that you have seen.
                   A       B       C       D       E      F
               +-------+-------+-------+-------+-------+----------------------
         Total | 100.0 | 100.0 |   N/A |   N/A | 100.0 | 817.1
       Dungeon | 100.0 | 100.0 |   N/A |   N/A | 100.0 | 817.1
               +-------+-------+-------+-------+-------+----------------------
